 Dungeon Crawl Stone Soup version 0.23.0 (webtiles) character file.

Game seed: 13093555731494987310

83 EnegeticOcto the Chopper (level 4, -2/35 HPs)
             Began as a Demonspawn Gladiator on Feb 10, 2019.
             Slain by an adder (5 damage)
             ... on level 2 of the Dungeon.
             The game lasted 00:01:39 (2194 turns).

EnegeticOcto the Chopper (Demonspawn Gladiator)     Turns: 2194, Time: 00:01:40

Health: -2/35      AC:  3    Str: 16    XL:     4   Next: 22%
Magic:  4/4        EV: 12    Int:  9    God:
Gold:   121        SH:  3    Dex: 14    Spells: 3/3 levels left

rFire    . . .     SeeInvis .   a - +0 war axe
rCold    . . .     Gourm    .   c - +0 buckler
rNeg     . . .     Faith    .   b - +0 leather armour
rPois    .         Spirit   .   (helmet restricted)
rElec    .         Reflect  .   (no cloak)
rCorr    .         Harm     .   (no gloves)
MR       .....                  (no boots)
Stlth    +.........             (no amulet)
HPRegen  0.11/turn              (no ring)
MPRegen  0.09/turn              (no ring)

@: lethally poisoned (-2 -> -6)
A: antennae 2
a: no special abilities


You were on level 2 of the Dungeon.
You were not hungry.

You visited 1 branch of the dungeon, and saw 2 of its levels.

You collected 121 gold pieces.

Inventory:

Hand Weapons
 a - a +0 war axe (weapon)
Missiles
 d - 3 throwing nets (quivered) {!f}
 l - 3 javelins of penetration
Armour
 b - a +0 leather armour (worn)
 c - a +0 buckler (worn)
Scrolls
 e - a scroll of blinking {unknown}
 g - a scroll of immolation {unknown}
 k - a scroll of fear {unknown}
 o - a scroll of identify {unknown}
 p - a scroll of enchant armour {unknown}
 q - 3 scrolls of enchant weapon {unknown}
Potions
 h - a potion of agility {unknown}
 i - a potion of brilliance {unknown}
 j - a potion of degeneration {unknown}
 n - a potion of flight {unknown}
 r - a potion of ambrosia {unknown}
Comestibles
 f - 3 rations


   Skills:
 + Level 3.0 Fighting
 * Level 4.1 Axes
 - Level 1.7 Throwing
 - Level 2.6 Dodging


You had 3 spell levels left.
You didn't know any spells.
Your spell library was empty.

Dungeon Overview and Level Annotations

Branches:
Dungeon (2/15)

Altars:
The Shining One


Innate Abilities, Weirdness & Mutations

You have a pair of antennae on your head.


Message History

You feel sick. The adder bites you.
* * * LOW HITPOINT WARNING * * *
You are too injured to fight recklessly!
You are too injured to fight recklessly!
You are too injured to fight recklessly!
You are too injured to fight recklessly!
You are too injured to fight recklessly!
You are too injured to fight recklessly!
You are too injured to fight recklessly!
You are too injured to fight recklessly!
You are too injured to fight recklessly!
You are too injured to fight recklessly!
You miss the adder. The adder bites you.
* * * LOW HITPOINT WARNING * * *
You hit the adder but do no damage.
You feel sick. The adder barely misses you.
The adder bites you but does no damage.
You closely miss the adder. The adder bites you.
* * * LOW HITPOINT WARNING * * *
The adder bites you.
You die...

...# ............#...)...... ...#
........#...'.......... ##.# ..
.........#...#.......... ...#
.................#..........
.####.....................###....
....................>......##....
.........##...#......(.....##....
........##.......................
........##......@..##............
........##......S..##............
...................##............
#..................##.........
###..........................
.....................
......................
.......................
...........


You could see an adder.

Vanquished Creatures
  Terence (D:2)
  2 adders (D:2)
  A worm (D:2)
  A ball python (D:2)
  4 giant cockroaches
  4 goblins
  6 hobgoblins
  A quokka (D:2)
  6 bats
  2 frilled lizards (D:2)
  3 kobolds
  5 rats
36 creatures vanquished.

Notes
Turn   | Place    | Note
-------+----------+-------------------------------------------
     0 | D:1      | EnegeticOcto the Demonspawn Gladiator began the quest for
                  | the Orb.
     0 | D:1      | Reached XP level 1. HP: 16/16 MP: 1/1
   208 | D:1      | Reached skill level 3 in Axes
   446 | D:1      | Gained mutation: You have a pair of small antennae on your
                  | head. [demonic ancestry]
   446 | D:1      | Reached XP level 2. HP: 22/22 MP: 2/2
  1010 | D:2      | Noticed Terence
  1023 | D:2      | Killed Terence
  1023 | D:2      | Reached XP level 3. HP: 4/28 MP: 3/3
  1058 | D:2      | Found a glowing golden altar of the Shining One.
  1789 | D:2      | Reached skill level 4 in Axes
  1789 | D:2      | Gained mutation: You have a pair of antennae on your head.
                  | [demonic ancestry]
  1789 | D:2      | Reached XP level 4. HP: 10/34 MP: 4/4
  2194 | D:2      | Slain by an adder

Skill      XL: |  1  2  3  4 |
---------------+-------------+-----
Axes           | 3 4 |  4.1
Fighting       | 3 |  3.0
Throwing       | |  1.7
Dodging        | |  2.6

Action                   |  1- 3 |  4- 6 || total
-------------------------+-------+-------++-------
Melee: War axe           |   100 |    27 ||   127
Throw: Throwing net      |     1 |       ||     1
 Stab: Sleeping          |     1 |       ||     1
  Eat: Chunk             |     3 |     1 ||     4
Armor: Leather armour    |    37 |     6 ||    43
Dodge: Dodged            |    80 |    18 ||    98
Block: Buckler           |     7 |     3 ||    10
